 Dungeon Crawl Stone Soup version 0.19.0-2-gae57169 (webtiles) character file.

201 cedor the Chopper (level 5, 0/46 HPs)
             Began as a Minotaur Berserker on Nov 5, 2016.
             Was a Follower of Trog.
             Slain by a sky beast (3 damage)
             ... on level 6 of the Dungeon.
             The game lasted 00:04:58 (966 turns).

cedor the Chopper (Minotaur Berserker)               Turns: 966, Time: 00:04:58

Health: 0/46       AC:  5    Str: 25 (27) XL:     5   Next: 50%
Magic:  5/5        EV: 12    Int:  3 (5)  God:    Trog [*.....]
Gold:   69         SH:  0    Dex:  7 (9)  Spells: 0 memorised, 4 levels left

rFire  . . .     SeeInvis .     a - +0 hand axe
rCold  . . .     Gourm    .     n - +0 robe of Gerokky {+Inv}
rNeg   . . .     Faith    +     (no shield)
rPois  .         Spirit   .     (helmet restricted)
rElec  .         Reflect  .     (no cloak)
rCorr  .         Harm     .     j - +2 pair of gloves
MR     .....                    (no boots)
Stlth  +.........               h - amulet of faith {!P}
                                (no ring)
                                (no ring)

@: mighty, exhausted, flying, very slightly contaminated
A: retaliatory headbutt, horns 2
a: Berserk, Burn Spellbooks, Renounce Religion, Evoke Invisibility


You were on level 6 of the Dungeon.
You worshipped Trog.
Trog was aware of your devotion.
You were not hungry.

You visited 1 branch of the dungeon, and saw 6 of its levels.

You collected 69 gold pieces.


Innate Abilities, Weirdness & Mutations

You reflexively headbutt those who attack you in melee.
You have a pair of horns on your head.


   Skills:
 - Level 4.1 Fighting
 * Level 5.9 Axes
 - Level 2.9 Armour
 + Level 3.6 Dodging
 + Level 1.3 Evocations


You had 4 spell levels left.
You didn't know any spells.

Inventory:

Hand Weapons
 a - a +0 hand axe (weapon)
Missiles
 f - 65 stones (quivered)
Armour
 j - a +2 pair of gloves (worn)
 n - the +0 robe of Gerokky (worn) {+Inv}

   It lets you turn invisible.
Jewellery
 h - an amulet of faith (around neck) {!P}
Potions
 g - a potion of flight
 l - a potion of haste {unknown}
 o - a potion of invisibility {unknown}
Comestibles
 c - 3 bread rations
 i - a chunk of flesh
 m - 2 fruits

Dungeon Overview and Level Annotations

Branches:
Dungeon (6/15)
 Temple: D:4-7

Altars:
Kikubaaqudgha
Nemelex Xobeh
Yredelemnul

Shops:
D:5

[ ..P..........▒
P.▒...P.▒....+ .
▒▒PP..▒....▒
......P▒.▒▒▒▒
........[▒
.._..▒▒P..▒▒▒▒
..... ▒.▒.▒▒.▒
▒▒▒▒▒▒▒▒.▒.▒▒.▒
...........▒▒H▒
▒▒▒▒.▒▒▒.....{.▒
..........▒▒▒▒.▒
.▒▒▒▒.▒▒▒......▒
▒ ▒.▒▒▒▒.▒ ...
..▒ ..▒▒ ▒▒▒
▒▒▒▒


There were no monsters in sight!


Message History

The sky beast flickers out of sight!
Deactivating autopickup; reactivate with Ctrl-A.
Items here: ) [[ ÷ a leather armour; a +0 animal skin; a rapier of freezing the human skeleton of Eustachio You miss something.
Something hits you but does no damage. Something hits you.
Something shocks you.
* * * LOW HITPOINT WARNING * * *
Something hits you.
* * * LOW HITPOINT WARNING * * *
Something shocks you.
* * * LOW HITPOINT WARNING * * *
Something hits you but does no damage.
There is a stone staircase leading up here.
It was a potion of flight.
You feel very buoyant.
You fly up into the air.
You feel yourself speed up. Something hits you.
* * * LOW HITPOINT WARNING * * *
Something shocks you.
* * * LOW HITPOINT WARNING * * *
It was a potion of might.
You feel very mighty all of a sudden. Something barely misses you.
It was a potion of degeneration.
There was something very wrong with that liquid.
You feel weakened.
You feel dopey.
You feel clumsy. Something hits you.
You die...

Action                   |  1- 3 |  4- 6 || total
-------------------------+-------+-------++-------
Melee: Hand axe          |    42 |     1 ||    43
       Headbutt          |     8 |       ||     8
Throw: Stone             |     3 |       ||     3
Invok: Berserk           |     1 |       ||     1
 Abil: Evoke Invisibilit |     1 |       ||     1
  Use: Potion            |       |     3 ||     3
       Scroll            |       |     1 ||     1
 Stab: Invisible         |     1 |       ||     1
  Eat: Chunk             |       |     1 ||     1
Armor: Animal skin       |     6 |       ||     6
       Robe              |       |     2 ||     2
Dodge: Dodged            |    22 |     1 ||    23

Vault maps used:
D:1:      ncdulo_wetmaze
D:2:      nicolae_ru_awakened_eye, lemuel_coloured_pillars_altar,
          yredelemnul_altar_generic
D:3:      overflow_temple_1_default, lemuel_round_altar, lemuel_doored_altar,
          tso_altar, uniq_iyjb
D:4:      kennysheep_generic_room_15
D:5:      cheibrodos_two_vegetables, nicolae_overflow_crystal_walls,
          first_bread, serial_shops, nicolae_shop_trees,
          nicolae_dithmenos_the_darkroom
D:6:      old_standard_altar, kiku_gazebo_garden_becter, uniq_prince_ribbit1,
          uniq_eustachio

Notes
Turn   | Place    | Note
-------+----------+-------------------------------------------
     0 | D:1      | cedor the Minotaur Berserker began the quest for the Orb.
     0 | D:1      | Reached XP level 1. HP: 19/19 MP: 0/0
   540 | D:2      | Reached XP level 2. HP: 27/27 MP: 1/1
   568 | D:2      | Reached skill level 4 in Axes
   572 | D:2      | Found a basalt altar of Yredelemnul.
   683 | D:3      | Found a basalt altar of Yredelemnul.
   714 | D:3      | Found a sparkling altar of Nemelex Xobeh.
   792 | D:5      | Entered Level 5 of the Dungeon
   832 | D:5      | Found Oxtot's Antique Armour Emporium.
   858 | D:5      | Reached skill level 4 in Fighting
   858 | D:5      | Reached XP level 3. HP: 33/33 MP: 2/2
   865 | D:5      | Got a faintly humming robe
   876 | D:5      | Identified the cursed +0 robe of Gerokky {+Inv} (You found it on level 5 of the Dungeon)
   904 | D:6      | Noticed Eustachio
   914 | D:6      | Found an ancient bone altar of Kikubaaqudgha.
   932 | D:6      | Killed Eustachio
   932 | D:6      | Reached skill level 5 in Axes
   932 | D:6      | Reached skill level 3 in Dodging
   932 | D:6      | Reached skill level 1 in Evocations
   932 | D:6      | Reached XP level 4. HP: 28/40 MP: 1/4
   932 | D:6      | Reached XP level 5. HP: 32/46 MP: 1/5
   949 | D:6      | Noticed a sky beast
   964 | D:6      | HP: 2/46 [something (6)]
   966 | D:6      | Slain by a sky beast

Vanquished Creatures
  Eustachio (D:6)
  A worker ant (D:5)
  2 adders
  A worm (D:2)
  A dart slug (D:2)
  A giant cockroach (D:3)
  2 hobgoblins
  A kobold (D:2)
  3 bats
  2 rats (D:3)
15 creatures vanquished.
